 Dungeon Crawl Stone Soup version 0.29.1-14-g9c671dbff4 (webtiles) character file.

Game seed: 17096735587795984998

2205 KittyFluff the Basher (level 9, -2/55 HPs)
             Began as a Gargoyle Berserker on Feb 16, 2023.
             Was a Priest of Trog.
             Slain by a yak (13 damage)
             ... on level 6 of the Dungeon.
             The game lasted 00:26:27 (5920 turns).

KittyFluff the Basher (Gargoyle Berserker)          Turns: 5920, Time: 00:26:28

Health: -2/55      AC: 12    Str: 29    XL:     9   Next: 34%
Magic:  9/9        EV: 13    Int:  9    God:    Trog [***...]
Gold:   130        SH:  0    Dex: 19    Spells: 8/8 levels left

rFire   . . .      SeeInvis .   y - +5 flail (holy)
rCold   . . .      Faith    .   (no shield)
rNeg    + . .      Spirit   .   J - +1 leather armour "Oggumaez" {Rampage Drain Str+3 Slay+2}
rPois   ∞          Reflect  .   s - +0 helmet
rElec   +          Harm     .   (no cloak)
rCorr   .          Rampage  +   (no gloves)
Will    .....                   (no boots)
Stlth   ++........              (no amulet)
HPRegen 0.18/turn               j - +6 ring of strength
MPRegen 0.11/turn               v - +6 ring of dexterity

@: on berserk cooldown, slowed, very slow
A: sickness immunity, AC +6, negative energy resistance 1, electricity
resistance, torment resistance 1, petrification resistance
a: Renounce Religion, Berserk, Trog's Hand


You were on level 6 of the Dungeon.
You worshipped Trog.
Trog was most pleased with you.
You visited 1 branch of the dungeon, and saw 6 of its levels.

You collected 263 gold pieces.
You spent 133 gold pieces at shops.

Inventory:

Hand Weapons
 a - a +0 mace
 i - a +2 mace of protection
 p - a +0 sling
 y - a +5 flail of holy wrath (weapon)
 F - a +3 shortbow
Missiles
 d - a throwing net
 f - 39 stones (quivered)
 k - 11 poisoned darts
 q - a boomerang
 H - 3 atropa-tipped darts
Armour
 o - a +0 leather armour
 s - a +0 helmet (worn)
 u - a +0 ring mail of cold resistance
 J - the +1 leather armour "Oggumaez" (worn) {Rampage Drain Str+3 Slay+2}
   (You bought it in a shop on level 6 of the Dungeon)

   Str:       It affects your strength (+3).
   Slay:      It affects your accuracy & damage with ranged weapons and melee
   (+2).
   Drain:     It drains your maximum health when unequipped.
   Rampage:   It bestows one free step when moving towards enemies.
Jewellery
 j - a +6 ring of strength (left hand)
 v - a +6 ring of dexterity (right hand)
 G - a ring of resist corrosion
Wands
 x - a wand of mindburst (18)
Scrolls
 b - a scroll of magic mapping {unknown}
 c - 2 scrolls of teleportation {unknown}
 e - a scroll of poison {unknown}
 g - 6 scrolls of fog
 h - a scroll of silence {unknown}
 n - a scroll of enchant weapon {unknown}
 t - a scroll of noise {unknown}
 w - 2 scrolls of vulnerability {unknown}
 I - a scroll of amnesia {unknown}
Potions
 l - a potion of invisibility
 m - 2 potions of attraction
 r - a potion of curing
 z - a potion of resistance
 A - a potion of magic
 B - a potion of lignification
 C - a potion of might
 D - a potion of heal wounds {unknown}
 E - a potion of degeneration {unknown}


   Skills:
 + Level 6.0 Fighting
 + Level 8.2 Maces & Flails
 + Level 2.6 Throwing
 * Level 6.3 Armour
 + Level 3.6 Dodging
 + Level 3.5 Stealth


You had 8 spell levels left.
You didn't know any spells.
Your spell library was empty.

Dungeon Overview and Level Annotations

Branches:
Dungeon (6/15)             Temple (0/1) D:6

Altars:
Cheibriados
Dithmenos
Qazlal
The Shining One

Shops:
D:4 [   D:5 ?   D:6 [

Annotations:
D:6 2 transporters, nalyd1's ghost, novice KoHu


Innate Abilities, Weirdness & Mutations

You are immune to sickness and miasma.
Your stone body is resilient. (AC +6)
You are immune to poison.
You resist negative energy. (rN+)
You are resistant to electric shocks. (rElec)
You are resistant to unholy torment.
You are immune to petrification.


Message History

The jelly is severely wounded.
The jelly closely misses you.
You thump the jelly!
You kill the jelly!
Trog accepts your kill. The yak gores you but does no damage.
You sock the yak!
The yak is moderately wounded.
The yak closely misses you.
You sock the yak!
The yak is heavily wounded.
The yak gores you but does no damage. The yak misses you.
You completely miss the yak.
The yak is heavily wounded.
The yak gores you.
* * * LOW HITPOINT WARNING * * *
You sock the yak!
The yak is almost dead.
The yak gores you but does no damage. The yak gores you!
* * * LOW HITPOINT WARNING * * *
You feel better. The yak misses you.
You hit the yak.
The yak is almost dead.
The yak gores you but does no damage. x2
You hit the yak.
The yak is almost dead.
The yak gores you but does no damage.
You hit the yak.
You kill the yak!
Trog accepts your kill. The yak gores you.
* * * LOW HITPOINT WARNING * * *
Your Fighting skill increases to level 6!
You sock the yak!
The yak is moderately wounded.
The yak closely misses you.
You closely miss the yak.
The yak is moderately wounded.
The yak barely misses you. The yak gores you!
You die...

.#+#+#.#.#.#.#...........#....
....#.#.#.....#.....#.[.##
...#.#+#.#....+.....+.......
...+#.........#.....#........
...#+........#+....#........#
...+#.......#.#.....#.#...... ..
#######.....+#.#+#.#.#.#+##.. #.
.$..#.....#.#.#.#.. .. .. #.
.##..#......#.#@#.# Y. .
#..#.#.........#Y#
#..#.#........#+#'#.. #.
.##.O#©.............. ##..
©....O#...+#+#......... .....
..##.O#©..............#+ #....
#..#O#................# ####....
#..#W#.........#+#+#.#.##.......
..##..#.......... #.#.#.......


You could see a yak.

Vanquished Creatures
  A hornet (D:4)
  Grinder (D:3)
  5 yaks (D:6)
  Menkaure (D:4)
  Edmund (D:4)
  A centaur (D:5)
  A bullfrog (D:6)
  A necrophage (D:6)
  A scorpion (D:6)
  2 jellies (D:6)
  4 hounds
  3 orc priests
  2 iguanas (D:6)
  2 orc wizards
  Robin (D:3)
  6 adders
  2 gnolls (D:4)
  2 white imps (D:5)
  An ufetubus (D:6)
  3 worms
  A dart slug (D:1)
  16 orcs
  A bat (D:3)
  4 endoplasms
  2 giant cockroaches (D:3)
  15 goblins
  9 hobgoblins
  3 jackals (D:2)
  2 kobolds (D:4)
  2 quokkas
  4 ball pythons
  A frilled lizard (D:3)
  3 rats (D:3)
104 creatures vanquished.

Vanquished Creatures (others)
  A fungus (D:1)
  3 plants
4 creatures vanquished.

Grand Total: 108 creatures vanquished

Notes
Turn   | Place    | Note
-------+----------+-------------------------------------------
     0 | D:1      | KittyFluff the Gargoyle Berserker began the quest for the
                  | Orb.
     0 | D:1      | Reached XP level 1. HP: 14/14 MP: 1/1
    65 | D:1      | Found a faded altar of an unknown god.
    93 | D:1      | Reached XP level 2. HP: 16/19 MP: 2/2
   841 | D:2      | Reached XP level 3. HP: 21/24 MP: 3/3
  1895 | D:3      | Reached XP level 4. HP: 27/29 MP: 4/4
  1899 | D:3      | Reached skill level 1 in Stealth
  1901 | D:3      | Reached ** piety under Trog
  1902 | D:3      | Reached skill level 4 in Maces & Flails
  1902 | D:3      | Reached XP level 5. HP: 32/33 MP: 5/5
  1917 | D:3      | Found a glowing golden altar of the Shining One.
  1918 | D:3      | Noticed Robin
  2061 | D:3      | Killed Robin
  2296 | D:3      | Found a snail-covered altar of Cheibriados.
  2410 | D:3      | Noticed Grinder
  2423 | D:3      | Paralysed by Grinder for 4 turns
  2438 | D:3      | Paralysed by Grinder for 2 turns
  2444 | D:3      | Killed Grinder
  2445 | D:3      | Reached skill level 5 in Maces & Flails
  2445 | D:3      | Reached XP level 6. HP: 25/39 MP: 6/6
  2888 | D:4      | Found a stormy altar of Qazlal.
  2892 | D:4      | Noticed a water elemental
  2892 | D:4      | Noticed an air elemental
  2892 | D:4      | Noticed a fire elemental
  3223 | D:4      | Noticed Menkaure
  3236 | D:4      | Killed Menkaure
  3237 | D:4      | Reached XP level 7. HP: 8/44 MP: 7/7
  3722 | D:4      | Found Nyippu's Armour Boutique.
  3752 | D:4      | Noticed Edmund
  3771 | D:4      | Killed Edmund
  3772 | D:4      | Reached skill level 1 in Throwing
  3941 | D:4      | Found a shadowy altar of Dithmenos.
  4148 | D:4      | Reached skill level 6 in Maces & Flails
  4228 | D:4      | Noticed a hornet
  4241 | D:4      | Killed a hornet
  4242 | D:4      | Reached skill level 5 in Fighting
  4242 | D:4      | Reached XP level 8. HP: 19/49 MP: 8/8
  4685 | D:5      | Entered Level 5 of the Dungeon
  4899 | D:5      | Reached skill level 5 in Armour
  5219 | D:5      | Found Rappool's Magic Scroll Shop.
  5365 | D:6      | Noticed a yak
  5369 | D:6      | Noticed a yak
  5558 | D:6      | Found a staircase to the Ecumenical Temple.
  5643 | D:6      | Reached skill level 7 in Maces & Flails
  5672 | D:6      | Found Aregox's Antique Armour Shop.
  5680 | D:6      | Bought a heavily runed leather armour for 133 gold pieces
  5680 | D:6      | Identified the +1 leather armour "Oggumaez" {Rampage Drain
                  | Str+3 Slay+2} (You bought it in a shop on level 6 of the
                  | Dungeon)
  5858 | D:6      | Identified the +5 great mace of Baczi {vamp, rPois rF-
                  | rC++}
  5858 | D:6      | Noticed nalyd1's ghost (novice KoHu)
  5860 | D:6      | Found a transporter.
  5860 | D:6      | Found a transporter.
  5884 | D:6      | Noticed a yak
  5884 | D:6      | Noticed a yak
  5886 | D:6      | Noticed a yak
  5891 | D:6      | Noticed a yak
  5895 | D:6      | Killed a yak
  5900 | D:6      | Killed a yak
  5901 | D:6      | Reached XP level 9. HP: 49/55 MP: 9/9
  5908 | D:6      | Reached *** piety under Trog
  5909 | D:6      | Reached skill level 8 in Maces & Flails
  5920 | D:6      | Slain by a yak

Illustrated notes

Levels and vault maps discovered:
D:1:      psy_arrival_dodecagon, layout_loops_ring, serial_forest,
          infiniplex_forest_lined_2, infiniplex_forest_lined_room_3,
          infiniplex_forest_corner_2, infiniplex_forest_clump_tiny,
          infiniplex_forest_lined_room_2, infiniplex_forest_clump_diagonal,
          infiniplex_forest_straight_2, shapermc_ecumenical_altar_gd
D:2:      layout_loops_ring, grunt_decor_fettered
D:3:      minmay_diamond_boxcup, layout_loops_corners,
          mainiacjoe_overflow_catwalk, nicolae_overflow_hidden_temple,
          guppyfry_early_lair_pool, uniq_grinder, uniq_robin
D:4:      layout_basic, grunt_dithmenos_smoke_and_mirrors,
          nicolae_qazlal_style_of_elements, serial_shops,
          nicolae_shop_waterfront, uniq_menkaure, uniq_edmund
D:5:      layout_rooms, serial_shops, kennysheep_mini
D:6:      layout_basic, minmay_temple_entry_waves, serial_shops,
          nicolae_shop_stone, gammafunk_ghost_smash

Skill      XL: |  1  2  3  4  5  6  7  8  9 |
---------------+----------------------------+-----
Fighting       | 4 5 6 |  6.0
Armour         | 3 4 5 6 |  6.3
Stealth        | 1 2 3 |  3.5
Maces & Flails | 4 5 6 7 8 |  8.2
Dodging        | 2 3 |  3.6
Throwing       | 1 2 |  2.6

Action                   |  1- 3 |  4- 6 |  7- 9 || total
-------------------------+-------+-------+-------++-------
Melee: Mace              |    74 |    90 |    36 ||   200
       Flail             |       |       |   104 ||   104
       Punch             |       |       |     2 ||     2
Throw: Stone             |       |     7 |    28 ||    35
       Boomerang         |       |     6 |     1 ||     7
       Dart              |       |     3 |     3 ||     6
Invok: Berserk           |       |     1 |     1 ||     2
  Use: Scroll            |       |     4 |     3 ||     7
       Potion            |       |       |     1 ||     1
 Stab: Distracted        |     1 |       |       ||     1
       Sleeping          |       |     1 |       ||     1
Armor: Animal skin       |    19 |       |       ||    19
       Leather armour    |     8 |    50 |    57 ||   115
Dodge: Dodged            |    34 |    49 |   104 ||   187
